AoeStats
← tom

Arabia

509722093Analyzed
1v1 RM · 5d ago on Sep 27, 2026· 76m 39s· 2 players
Game mode
Random Map
Map size
Tiny (2 player)
Population
200
Speed
Normal
Resources
Standard
Victory
Conquest
Starting age
Dark Age
Ending age
Imperial Age
RankedLock teamsTeams togetherTeam positionsShared explorationLock speedFull tech treeHidden civsTurbo modeCheats
Victory
Defeat
🇱🇻 Japanese · Latvia
755
+14
🇦🇷 Maya · Argentina
709
-14
BrianMatiasGil
0:31 Loom
10:46 Feudal Age
11:28 Double-Bit Axe
11:26 Horse Collar
11:38 Town Watch
18:32 Fletching
20:12 Padded Archer Armor
23:29 Scale Mail Armor
25:51 Wheelbarrow
28:52 Arson
31:55 Castle Age
31:24 Forging
32:27 Crossbowman
34:45 Town Patrol
35:45 Elite Skirmisher
36:36 Squires
40:12 Bodkin Arrow
40:51 Man-at-Arms
42:46 Stone Mining
45:16 Ballistics
45:32 Leather Archer Armor
48:18 Hand Cart
50:00 Gold Mining
51:11 Murder Holes
54:47 Pikeman
56:10 Long Swordsman
57:34 Bow Saw
60:35 Thumb Ring
66:41 Imperial Age
67:09 Treadmill Crane
69:36 Iron Casting
70:53 Heavy Plow
71:33 Stone Shaft Mining
75:31 Blast Furnace
75:59 Halberdier
tom
7:04 Loom
10:02 Feudal Age
10:21 Man-at-Arms
12:42 Scale Mail Armor
14:35 Forging
16:13 Double-Bit Axe
19:52 Fletching
20:03 Padded Archer Armor
20:18 Gold Mining
30:47 Castle Age
31:22 Elite Skirmisher
32:09 Thumb Ring
32:09 Squires
32:31 Long Swordsman
35:01 Bodkin Arrow
36:56 Arson
39:25 Leather Archer Armor
41:04 Iron Casting
40:45 Chain Mail Armor
41:10 Ballistics
41:05 Scale Barding Armor
43:06 Gold Shaft Mining
42:49 Masonry
44:30 Gambesons
44:55 Husbandry
48:21 Bow Saw
48:16 Murder Holes
48:05 Treadmill Crane
48:50 Chain Barding Armor
48:51 Bloodlines
48:52 Town Watch
51:53 Wheelbarrow
52:38 Town Patrol
55:52 Guard Tower
55:47 Crossbowman
61:12 Imperial Age
61:24 Hand Cart
62:27 Conscription
62:16 Cavalier
65:34 Kataparuto
69:40 Chemistry
71:08 Elite Samurai
72:51 Yasama
73:43 Keep
75:16 Blast Furnace
77:18 Plate Mail Armor
77:20 Ring Archer Armor
Connection lost

Rejoining the realm…

Still unreachable

The connection could not be restored.

Session expired

The server has moved on; the page needs a fresh start.